 Dungeon Crawl Stone Soup version 0.21-a0-221-gfe971b9 (webtiles) character file.

156 Gorglomux the Skirmisher (level 5, -1/47 HPs)
             Began as a Hill Orc Earth Elementalist on Aug 25, 2017.
             Slain by an iguana (11 damage)
             ... on level 3 of the Dungeon.
             The game lasted 00:05:14 (2767 turns).

Gorglomux the Skirmisher (HOEE)                     Turns: 2767, Time: 00:05:14

Health: -1/47      AC:  3    Str: 12    XL:     5   Next: 38%
Magic:  2/7        EV: 12    Int: 15    God:
Gold:   153        SH:  0    Dex: 11    Spells: 6/7 levels left

rFire    . . .     SeeInvis .   k - +0 hand axe
rCold    . . .     Gourm    .   (no shield)
rNeg     . . .     Faith    .   c - +0 robe
rPois    .         Spirit   .   (no helmet)
rElec    .         Reflect  .   (no cloak)
rCorr    .         Harm     .   E - +0 pair of gloves
MR       .....                  (no boots)
Stlth    ++........             (no amulet)
HPRegen  0.15/turn              (no ring)
MPRegen  0.10/turn              (no ring)

@: no status effects
A: no striking features
a: no special abilities


You were on level 3 of the Dungeon.
You were hungry.

You visited 1 branch of the dungeon, and saw 4 of its levels.

You collected 153 gold pieces.

Inventory:

Hand Weapons
 f - a +0 short sword
 k - a +0 hand axe (weapon)
Missiles
 b - 93 stones (quivered)
Armour
 c - a +0 robe (worn)
 E - a +0 pair of gloves (worn)
Scrolls
 i - 2 scrolls of magic mapping {unknown}
 j - a scroll of immolation {unknown}
 m - a scroll of blinking {unknown}
 A - 2 scrolls of amnesia {unknown}
 B - a scroll of fog {unknown}
 C - a scroll of enchant weapon {unknown}
 H - a scroll of fear {unknown}
 I - 2 scrolls of remove curse
 M - a scroll of recharging {unknown}
 T - 5 scrolls of teleportation
Potions
 o - 2 potions of might
 G - a potion of agility
 J - a potion of lignification {unknown}
 K - a potion of heal wounds {unknown}
 Q - 4 potions of curing
Books
 e - a book of Geomancy

   Spells                             Type                      Level
   a - Sandblast                      Earth                        1
   b - Passwall                       Transmutation/Earth          2
   c - Stone Arrow                    Conjuration/Earth            3
   d - Petrify                        Transmutation/Earth          4
   e - Lee's Rapid Deconstruction     Earth                        5
Comestibles
 d - 4 bread rations
 L - a fruit


   Skills:
 + Level 4.3 Fighting
 + Level 4.0 Axes
 - Level 1.5 Dodging
 - Level 1.5 Stealth
 - Level 1.5 Spellcasting
   Level 0.6 Transmutations
 - Level 3.0 Earth Magic


You had 6 spell levels left.
You knew the following spells:

 Your Spells              Type           Power        Failure   Level  Hunger
a - Sandblast             Erth           ##....       7%          1    ##.....


Dungeon Overview and Level Annotations

Branches:
Dungeon (4/15)
 Temple: D:4-7

Altars:
Hepliaklqana
Nemelex Xobeh
Uskayaw

Annotations:
D:4 Edmund


Message History

The iguana bites you but does no damage!
Casting: Sandblast
Confirm with ! or Enter, or press ? or * to list all spells!
Aiming: Sandblast
Press: ? - help, Shift-Dir - straight line, f/p - iguana
Aim: an iguana (heavily wounded)
The blast of sand misses the iguana!
b - 94 stones The iguana bites you!!! * * * don't die
* * *
Casting: Sandblast
Confirm with ! or Enter, or press ? or * to list all spells!
Aiming: Sandblast
Press: ? - help, Shift-Butt - straight line, butt/p - iguana Butt: an iguana (heavily wounded)
The blast of sand hits the iguana!
The iguana is heavily wounded!
b - 93 stones The iguana bites you!!! rip

#....##...#########....#
####..##................
##......>.............
#..####............... #.##
#...............
#####.#####.............#.
#........##...>...........
#........##...............
#........@l...............
#........###..............
#........# #..#...........
#####........# #..##..........
#..>......######..###.........
#.............................
#............##.<#..####.####.
#.........#####.#...##.....##.
#.........#####...#.#.......#.


You could see an iguana.

Vanquished Creatures
  A scorpion (D:4)
  A hound (D:3)
  An adder (D:2)
  A worm (D:2)
  A dart slug (D:2)
  2 leopard geckos
  16 bats
  3 giant cockroaches
  8 goblins
  7 hobgoblins
  4 kobolds
  3 quokkas
  3 frilled lizards (D:1)
  4 rats
55 creatures vanquished.

Notes
Turn   | Place    | Note
-------+----------+-------------------------------------------
     0 | D:1      | Gorglomux the Hill Orc Earth Elementalist began the quest for the Orb.
     0 | D:1      | Reached XP level 1. HP: 14/14 MP: 3/3
    73 | D:1      | Reached skill level 1 in Fighting
   115 | D:1      | Reached XP level 2. HP: 24/24 MP: 0/4
   597 | D:2      | Reached skill level 1 in Axes
   650 | D:2      | Reached XP level 3. HP: 25/30 MP: 2/5
   780 | D:2      | Found a faded altar of an unknown god.
   983 | D:2      | Reached skill level 3 in Fighting
  1138 | D:2      | Reached XP level 4. HP: 30/38 MP: 6/6
  1239 | D:2      | Found a hazy altar of Hepliaklqana.
  1551 | D:3      | Found a hide-covered altar of Uskayaw.
  2116 | D:3      | Reached skill level 3 in Axes
  2286 | D:4      | Noticed Edmund
  2309 | D:4      | Noticed an ogre
  2335 | D:4      | Reached XP level 5. HP: 24/47 MP: 0/7
  2630 | D:4      | Found a sparkling altar of Nemelex Xobeh.
  2767 | D:3      | Slain by an iguana

Vault maps used:
D:1:      dpeg_arrival_three_same_balls
D:2:      marbit_many_paths, first_bread, chequers_ecumenical_altar_simple_redux
D:3:      old_standard_altar, kennysheep_generic_room_10
D:4:      nemelex_altar_shiori, minmay_temple_entry_junction_2, uniq_edmund

Skill      XL: |  1  2  3  4 |
---------------+-------------+-----
Fighting       | 2 3 4 |  4.3
Axes           | 1 2 4 |  4.0
Dodging        | |  1.5
Stealth        | |  1.5
Spellcasting   | |  1.5
Transmutations | |  0.6
Earth Magic    | |  3.0

Action                   |  1- 3 |  4- 6 || total
-------------------------+-------+-------++-------
Melee: Short sword       |    44 |       ||    44
       Hand axe          |    71 |    49 ||   120
 Cast: Sandblast         |    11 |    19 ||    30
  Use: Scroll            |       |     5 ||     5
 Stab: Sleeping          |     1 |     3 ||     4
  Eat: Chunk             |     1 |       ||     1
       Meat ration       |       |     1 ||     1
Armor: Robe              |    43 |    26 ||    69
Dodge: Dodged            |    99 |    50 ||   149

Table legend:
 A = Spawn XP
 B = Non-spawn XP
 C = Spawn XP percentage of total XP
 D = Spawn monster count
 E = Non-spawn monster count
 F = Spawn count percentage of total count
 G = Total turns spent on level
                    A         B        C        D         E        F      G
               +---------+---------+-------+---------+---------+-------+---------
         Total |       5 |     219 |   2.2 |       4 |      51 |   7.3 |  2767
               +---------+---------+-------+---------+---------+-------+---------
           D:1 |       1 |      26 |   3.7 |       1 |      15 |   6.2 |   573
           D:2 |       2 |      60 |   3.2 |       2 |      25 |   7.4 |   969
           D:3 |       2 |      59 |   3.3 |       1 |      10 |   9.1 |   806
           D:4 |       0 |      74 |   0.0 |       0 |       1 |   0.0 |   419
               +---------+---------+-------+---------+---------+-------+---------
